AoeStats
← c0912105532

Oasis

507488607Analyzed
3v3 RM · 13d ago on Sep 18, 2026· 70m 10s· 6 players
Game mode
Random Map
Map size
Normal (6 player)
Population
200
Speed
Normal
Resources
Standard
Victory
Conquest
Starting age
Dark Age
Ending age
Imperial Age
RankedLock teamsTeams togetherTeam positionsShared explorationLock speedFull tech treeHidden civsTurbo modeCheats
Victory
Defeat
🇬🇧 Japanese · United Kingdom
1315
+16
🇬🇧 Bohemians · United Kingdom
1299
+17
🇬🇧 Byzantines · United Kingdom
1256
+17
🇹🇼 Franks · Taiwan
1320
-17
🇹🇼 Britons · Taiwan
1320
-17
🇹🇼 Sicilians · Taiwan
1294
-16
Chris77A
3:15 Loom
3:33 Loom
11:59 Feudal Age
18:07 Castle Age
16:37 Double-Bit Axe
19:48 Scale Barding Armor
21:27 Forging
24:15 Wheelbarrow
26:25 Fletching
32:12 Imperial Age
31:00 Hand Cart
31:08 Hand Cart
30:44 Horse Collar
32:25 Bow Saw
32:26 Bodkin Arrow
34:56 Elite Skirmisher
38:49 Chemistry
38:10 Ballistics
38:49 Conscription
39:57 Thumb Ring
40:40 Scale Mail Armor
40:03 Pikeman
40:43 Squires
40:29 Arson
42:21 Heavy Plow
42:27 Husbandry
42:50 Chain Barding Armor
43:06 Iron Casting
42:33 Bracer
42:33 Padded Archer Armor
43:20 Halberdier
45:20 Elite Cataphract
46:43 Plate Barding Armor
47:00 Gold Mining
48:50 Hoardings
48:54 Logistica
49:18 Onager
50:37 Coinage
51:06 Chain Mail Armor
50:51 Padded Archer Armor
56:21 Banking
55:54 Caravan
57:57 Greek Fire
63:41 Plate Mail Armor
63:26 Leather Archer Armor
DrunkMonk
5:10 Loom
10:58 Feudal Age
11:55 Double-Bit Axe
14:46 Horse Collar
20:23 Castle Age
19:19 Scale Barding Armor
19:48 Forging
22:31 Husbandry
24:06 Wheelbarrow
23:45 Bow Saw
23:53 Town Watch
29:43 Chain Barding Armor
31:01 Fletching
31:11 Padded Archer Armor
34:59 Imperial Age
32:32 Pikeman
33:48 Fervor
34:01 Sanctity
34:25 Heavy Plow
34:41 Bodkin Arrow
35:01 Leather Archer Armor
36:43 Conscription
35:45 Elite Hussite Wagon
37:44 Conscription
38:07 Siege Engineers
39:12 Ballistics
42:44 Hussite Reforms
42:11 Halberdier
42:51 Squires
42:37 Arson
42:58 Bracer
44:01 Chemistry
43:12 Masonry
44:32 Houfnice
46:00 Scale Mail Armor
46:31 Ring Archer Armor
46:37 Iron Casting
48:31 Two-Man Saw
47:30 Murder Holes
50:30 Cavalier
51:26 Elite Skirmisher
52:51 Caravan
54:24 Blast Furnace
68:52 Light Cavalry
out.c/imperator`
9:34 Feudal Age
9:39 Man-at-Arms
10:14 Loom
16:37 Padded Archer Armor
20:44 Fletching
25:16 Gold Mining
26:45 Horse Collar
27:41 Scale Mail Armor
28:43 Stone Mining
29:06 Forging
30:16 Double-Bit Axe
33:09 Castle Age
34:31 Wheelbarrow
33:18 Pikeman
34:37 Iron Casting
34:17 Chain Mail Armor
34:16 Bow Saw
34:10 Squires
43:17 Heavy Plow
44:28 Hand Cart
49:19 Imperial Age
49:20 Halberdier
51:43 Plate Mail Armor
52:57 Blast Furnace
64:32 Two-Man Saw
63:50 Fortified Wall
66:09 Caravan
69:28 Conscription
70:00 Gold Shaft Mining
68:51 Capped Ram
69:47 Elite Samurai
櫻道花炎
6:25 Loom
9:16 Feudal Age
9:57 Double-Bit Axe
13:29 Fletching
14:47 Horse Collar
16:47 Padded Archer Armor
22:04 Castle Age
22:21 Wheelbarrow
22:05 Crossbowman
22:43 Bodkin Arrow
29:37 Bow Saw
30:53 Gold Mining
31:55 Town Watch
33:14 Ballistics
36:06 Imperial Age
33:43 Heavy Plow
34:46 Gold Shaft Mining
35:35 Hand Cart
36:48 Bracer
37:55 Chemistry
40:17 Yeomen
39:22 Elite Longbowman
40:09 Town Patrol
40:20 Arbalester
43:25 Two-Man Saw
43:07 Conscription
43:54 Stone Mining
45:10 Yeomen
46:45 Hoardings
49:58 Block Printing
49:24 Treadmill Crane
49:40 Murder Holes
49:55 Fortified Wall
49:55 Masonry
52:31 Leather Archer Armor
58:10 Ring Archer Armor
59:53 Elite Skirmisher
c0912105532
11:29 Feudal Age
12:02 Double-Bit Axe
12:02 Horse Collar
23:02 Castle Age
23:16 Loom
24:51 Bow Saw
26:12 Wheelbarrow
31:01 Heavy Plow
32:12 Fletching
49:50 Masonry
51:54 Gambesons
52:09 Squires
51:55 Arson
52:03 Gambesons
52:18 Squires
52:03 Arson
52:51 First Crusade
54:11 First Crusade
64:06 Coinage
68:18 Squires
zxc327777100
6:36 Loom
9:31 Feudal Age
9:36 Man-at-Arms
10:03 Double-Bit Axe
22:39 Castle Age
21:28 Scale Barding Armor
23:42 Chain Barding Armor
27:37 Bow Saw
34:53 Wheelbarrow
40:08 Imperial Age
40:13 Husbandry
40:27 Forging
40:38 Gold Mining
40:33 Cavalier
43:04 Plate Barding Armor
43:49 Iron Casting
46:11 Conscription
50:39 Paladin
56:01 Fletching
56:11 Padded Archer Armor
58:09 Elite Skirmisher
62:20 Bodkin Arrow
62:40 Leather Archer Armor
67:12 Ballistics
67:57 Chemistry
68:07 Chemistry
68:50 Light Cavalry
Connection lost

Rejoining the realm…

Still unreachable

The connection could not be restored.

Session expired

The server has moved on; the page needs a fresh start.